Map: 2000 Atmospheres LE

Players

Lake

  • Race: Terran Terran
  • League: Diamond

Oddie - Winner!

  • Race: Zerg Zerg
  • League: Diamond

VOD

Have the link to the VOD?

Description

Time

  • Played on: March 11, 2022, 1:43 a.m.
  • Length: 18:36
Show
View Real Time Build Order
Export as new Build Order

Lake Terran 

Build Orders: Liberator Opening, Reaper Expand 

Get SALT Encoding   

  12  0:00  SCV  
  13  0:12  SCV  
  14  0:17  Supply Depot  
  14  0:24  SCV  
  15  0:38  SCV  
  15  0:39  Barracks  
  16  0:44  Refinery  
  16  0:50  SCV  
  17  1:03  SCV  
  18  1:15  SCV  
  19  1:28  Orbital Command  
  19  1:29  Reaper  
  20  1:43  Command Center  
  20  1:56  Supply Depot  
  20  1:57  SCV  
  20  2:01  Marine  
  22  2:11  SCV  
  23  2:22  Barracks Reactor, Factory  
  23  2:23  SCV  
  24  2:35  SCV  
  25  2:47  SCV  
  25  2:49  Refinery  
  26  2:57  Orbital Command  
  26  3:00  SCV  
  26  3:04  Supply Depot  
  27  3:12  Starport  
  27  3:19  SCV  
  28  3:22  Barracks Tech Lab, Hellion  
  28  3:23  Hellion  
  28  3:25  SCV  
  33  3:31  SCV  
  33  3:32  Supply Depot  
  34  3:37  SCV  
  35  3:43  SCV  
  35  3:44  Marine, Hellion x2  
  41  3:49  SCV  
  41  3:51  Liberator  
  41  3:55  SCV  
  46  3:58  Supply Depot  
  46  4:02  SCV  
  46  4:07  SCV  
  46  4:08  Hellion x2  
  46  4:09  Marine  
  51  4:14  SCV  
  53  4:19  SCV, Command Center  
  54  4:26  SCV  
  55  4:31  SCV  
  55  4:35  Marine  
  57  4:43  Starport Reactor, Widow Mine x2  
  61  4:47  Barracks  
  61  4:48  Barracks  
  61  4:50  Supply Depot  
  61  4:51  SCV x2, Supply Depot  
  63  4:53  Marine  
  63  4:55  Refinery  
  63  4:57  Refinery  
  64  5:05  SCV x2  
  66  5:09  Widow Mine x2  
  66  5:10  Stimpack  
  66  5:12  Marine  
  71  5:16  Supply Depot  
  71  5:17  SCV x2  
  71  5:29  Marine  
  68  5:44  Barracks Reactor  
  68  5:47  Barracks Reactor  
  68  5:48  Widow Mine  
  68  5:49  Widow Mine  
  70  5:52  Medivac x2, Marine  
  70  5:53  Orbital Command  
  70  5:56  SCV  
  73  6:00  SCV  
  73  6:03  Supply Depot  
  74  6:06  Supply Depot  
  74  6:07  Engineering Bay  
  74  6:08  SCV  
  74  6:10  Engineering Bay, Marine  
  76  6:12  SCV  
  76  6:14  Widow Mine x2  
  81  6:20  SCV  
  81  6:24  SCV  
  83  6:28  Marauder  
  83  6:31  Marine x4  
  83  6:32  SCV  
  90  6:33  Medivac x2  
  90  6:36  SCV  
  90  6:38  Widow Mine  
  90  6:39  Supply Depot  
  97  6:41  Orbital Command  
  97  6:47  Armory  
  97  6:48  Marine  
  97  6:49  Marine  
  97  6:50  Marauder  
  97  6:52  Marine x2  
  97  6:53  Widow Mine  
  105  6:59  SCV x2, Terran Infantry Weapons Level 1  
  105  7:00  Terran Infantry Armor Level 1, Widow Mine  
  109  7:11  SCV  
  110  7:25  Marine x2  
  110  7:27  Marine x2  
  106  7:32  Marine  
  106  7:33  Barracks, Medivac x2  
  106  7:35  Combat Shield  
  111  7:38  SCV x2  
  111  7:43  Marine x2  
  111  7:44  Factory Tech Lab  
  111  7:50  Marauder  
  100  8:02  Marine x4  
  101  8:06  Viking x2  
  101  8:10  Supply Depot  
  101  8:11  Terran Vehicle Weapons Level 1  
  101  8:12  Marauder  
  107  8:13  Supply Depot, Siege Tank  
  107  8:18  SCV x2  
  112  8:20  Marine x3  
  112  8:22  SCV  
  112  8:23  Marine  
  117  8:30  Marine x2  
  117  8:31  SCV x2  
  117  8:32  Supply Depot  
  117  8:33  Marauder  
  123  8:34  SCV  
  123  8:37  Marine  
  123  8:38  Marine x2  
  127  8:42  Marine  
  127  8:43  SCV  
  127  8:45  Siege Tank  
  127  8:46  Medivac  
  127  8:47  Medivac  
  134  8:48  Marine  
  134  8:54  Marauder  
  137  9:00  Marine x5  
  137  9:01  SCV  
  143  9:03  SCV x2  
  143  9:05  Terran Infantry Weapons Level 2  
  143  9:06  Marine  
  146  9:10  Supply Depot  
  146  9:13  SCV, Supply Depot  
  146  9:15  SCV, Marine  
  149  9:17  Refinery  
  149  9:18  Refinery  
  149  9:23  Medivac  
  149  9:27  Command Center, Marine x5  
  149  9:28  Marine  
  149  9:29  Siege Tank  
  144  9:34  Marauder  
  123  9:45  Marine x2  
  113  9:51  SCV  
  113  9:52  SCV  
  117  9:53  SCV  
  117  9:55  Marauder  
  120  10:01  Supply Depot  
  120  10:03  Siege Tank  
  123  10:08  Barracks  
  123  10:09  Barracks  
  123  10:18  Marine x6  
  123  10:19  Marine  
  123  10:20  Medivac x2  
  134  10:22  Concussive Shells  
  134  10:24  Terran Vehicle Weapons Level 2  
  134  10:25  SCV  
  135  10:29  Supply Depot  
  135  10:30  Supply Depot  
  135  10:32  SCV x2, Terran Infantry Armor Level 2  
  137  10:36  Marine x5  
  137  10:37  SCV, Marauder  
  137  10:38  Marine  
  146  10:44  SCV x2  
  148  10:54  Marine x4  
  148  10:55  Marine  
  148  10:56  Barracks Reactor  
  156  10:57  Siege Tank  
  156  10:59  Marauder  
  156  11:00  Supply Depot  
  156  11:03  SCV x3  
  161  11:06  Marine  
  162  11:15  SCV x3  
  164  11:20  Marauder  
  164  11:21  Marine  
  164  11:22  Supply Depot, Marine x2  
  164  11:23  Supply Depot x3, Barracks Reactor  
  164  11:24  Barracks Tech Lab  
  164  11:25  Medivac x2, Supply Depot  
  161  11:27  SCV  
  161  11:29  Siege Tank  
  161  11:31  SCV  
  161  11:32  SCV  
  171  11:34  Marine  
  173  11:41  Marauder, Orbital Command  
  173  11:42  Command Center, Marine x4  
  173  11:43  Marauder, Marine x2  
  183  11:48  Factory  
  183  11:53  Refinery  
  182  11:55  Refinery  
  182  11:58  Marine  
  182  11:59  Marine x3  
  182  12:00  Marine x2  
  182  12:01  Siege Tank, Marine x2  
  192  12:03  Marauder  
  192  12:04  Marine  
  196  12:10  Barracks  
  196  12:16  Command Center  
  196  12:21  Barracks  
  196  12:23  Barracks  
  196  12:25  Barracks  
  196  12:33  Siege Tank  
  188  12:54  Marine x2  
  188  12:55  Marauder x2, Marine x2  
  190  12:59  Hellbat  
  190  13:00  Terran Infantry Weapons Level 3, Terran Infantry Armor Level 3  
  192  13:06  Marine  
  188  13:16  Marauder  
  188  13:19  SCV  
  187  13:22  Factory Tech Lab, Siege Tank  
  182  13:32  Marine x4  
  182  13:33  Marauder, Marine  
  189  13:41  Marauder, Marine x3  
  178  13:54  Siege Tank  
  177  13:56  Marine  
  177  13:57  Marauder, Marine  
  177  13:59  Siege Tank, Marine  
  177  14:00  Marine  
  157  14:03  Marauder  
  157  14:05  Marine x4  
  157  14:07  Barracks Tech Lab x4  
  158  14:14  Planetary Fortress, Marine x2  
  153  14:17  Marine x2  
  153  14:18  Marauder  
  153  14:23  Marine x3  
  156  14:24  Marauder  
  156  14:25  Marine x2  
  156  14:26  Siege Tank, Marauder x2  
  156  14:27  Marauder  
  167  14:31  Siege Tank  
  170  14:45  Marauder, Marine x6  
  157  14:46  Marauder x2, Marine x2  
  157  14:48  Marauder x3  
  157  14:51  Barracks  
  172  14:53  Barracks  
  172  14:59  Barracks x2  
  172  15:00  Siege Tank  
  172  15:01  Barracks, Medivac x2  
  172  15:02  Marine  
  172  15:03  Siege Tank, Marine  
  172  15:06  Barracks x2, Marine x5  
  172  15:07  Barracks, Marauder x3, Marine  
  191  15:09  Marauder x2  
  200  15:21  Terran Vehicle Weapons Level 3  
  200  15:28  Marauder  
  200  15:35  Marine x13  
  189  15:49  Marine  
  174  15:50  Marine x2  
  174  15:53  Marine x12  
  174  15:54  Marauder  
  174  15:56  Barracks Reactor x2  
  174  15:57  Barracks Reactor  
  181  16:07  Marine x2  
  181  16:08  Marine  
  181  16:11  Marine x6  
  176  16:12  Marauder x4  
  176  16:14  Marine x2  
  176  16:15  Marauder  
  193  16:21  Orbital Command  
  193  16:25  Marine x2, Command Center, Marauder  
  195  16:28  Marine  
  195  16:29  Marine x2  
  200  16:43  Ghost Academy  
  200  17:20  Hi-Sec Auto Tracking  
  165  17:30  Marine x8  
  165  17:31  Marauder x4, Marine x4  
  165  17:32  Marauder x2  
  177  17:39  Marine x2  
  177  17:40  Siege Tank  
  166  17:48  Marine x3  
  171  17:52  Marauder x2  
  171  17:53  Marauder x3  
  180  17:59  Marine x3  
  180  18:00  Marine  
  154  18:16  Marine x2  
  154  18:17  Marine x3  
  154  18:18  Marine  
Show
View Real Time Build Order
Export as new Build Order

Oddie Zerg - Winner!

Build Orders: Hatch First, Lurkers 

Get SALT Encoding   

  12  0:00  Drone  
  13  0:12  Overlord  
  13  0:16  Drone  
  14  0:30  Drone x2  
  16  0:48  Hatchery  
  15  0:52  Drone  
  15  0:54  Drone  
  17  0:57  Drone  
  18  1:09  Extractor  
  17  1:13  Spawning Pool  
  17  1:16  Drone  
  17  1:20  Drone  
  18  1:34  Drone  
  19  1:40  Drone  
  20  1:49  Overlord  
  20  2:01  Queen  
  20  2:03  Queen  
  20  2:04  Zergling x4  
  26  2:14  Metabolic Boost  
  26  2:17  Drone  
  26  2:18  Drone  
  27  2:34  Drone  
  27  2:35  Drone x2  
  30  2:48  Drone x3  
  33  2:57  Overlord  
  33  3:00  Queen  
  33  3:04  Hatchery  
  34  3:12  Drone  
  35  3:19  Zergling x12  
  41  3:28  Overlord  
  41  3:42  Drone  
  41  3:43  Drone  
  41  3:48  Drone x5  
  48  4:09  Drone x2  
  50  4:15  Roach Warren, Extractor  
  50  4:16  Overlord x2  
  48  4:18  Extractor  
  48  4:21  Overlord  
  48  4:22  Drone x3  
  48  4:23  Drone x3  
  53  4:38  Queen  
  52  4:39  Drone x2  
  52  4:45  Lair  
  56  4:48  Drone x3, Extractor  
  56  4:50  Drone x3  
  61  4:59  Evolution Chamber  
  60  5:01  Evolution Chamber  
  59  5:07  Drone x2  
  61  5:18  Drone  
  61  5:19  Drone x3  
  65  5:24  Roach  
  65  5:25  Roach x7  
  76  5:40  Zerg Missile Weapons Level 1, Zerg Ground Armor Level 1  
  74  5:47  Drone  
  74  5:54  Queen  
  74  5:56  Drone x2  
  76  5:57  Drone x3  
  79  6:06  Roach  
  79  6:08  Overlord x3  
  81  6:24  Overseer  
  81  6:35  Roach x9  
  81  6:38  Spore Crawler  
  98  6:46  Glial Reconstitution  
  98  6:48  Drone  
  98  6:49  Drone x2  
  101  6:57  Ravager  
  101  6:58  Ravager x4  
  106  7:11  Spore Crawler  
  105  7:32  Drone  
  105  7:34  Overlord x6  
  106  7:43  Overlord x3  
  102  7:53  Roach x6  
  102  8:01  Roach x2  
  102  8:02  Roach x6  
  107  8:19  Zerg Missile Weapons Level 2, Zerg Ground Armor Level 2  
  107  8:21  Roach  
  107  8:22  Roach x5  
  119  8:28  Overseer  
  119  8:30  Drone  
  119  8:33  Extractor  
  119  8:34  Extractor  
  119  8:36  Drone  
  119  8:37  Drone x2  
  119  8:41  Drone x2  
  123  8:44  Drone  
  124  8:53  Overlord x2  
  124  8:55  Roach  
  126  8:56  Roach x6  
  138  9:03  Infestation Pit  
  138  9:05  Hydralisk Den  
  138  9:09  Ravager  
  137  9:11  Overlord x2  
  137  9:17  Ravager  
  137  9:18  Ravager x4  
  137  9:21  Hatchery  
  142  9:24  Drone x3  
  142  9:25  Drone x2  
  142  9:26  Drone x2  
  136  9:35  Roach x6  
  136  9:36  Roach  
  112  10:01  Baneling Nest  
  112  10:02  Hive, Pneumatized Carapace  
  111  10:10  Spine Crawler  
  110  10:14  Drone  
  110  10:15  Drone x11  
  122  10:21  Ravager  
  123  10:29  Hatchery  
  122  10:35  Zerg Melee Weapons Level 1  
  122  10:42  Drone  
  123  10:46  Overlord x2  
  123  10:47  Overlord  
  123  10:51  Muscular Augments  
  123  10:54  Centrifugal Hooks  
  123  10:55  Zergling x2  
  123  10:56  Zergling x26  
  137  11:03  Drone x6  
  143  11:06  Extractor  
  143  11:07  Extractor  
  143  11:10  Lurker Den  
  138  11:24  Drone x3  
  138  11:25  Drone x2  
  143  11:28  Extractor  
  143  11:29  Drone x3  
  143  11:30  Drone  
  146  11:36  Overlord, Spore Crawler  
  146  11:39  Zergling x2  
  146  11:40  Zergling x20  
  156  11:49  Adrenal Glands  
  156  11:50  Zerg Missile Weapons Level 3  
  156  11:58  Hydralisk  
  156  11:59  Hydralisk x10  
  178  12:06  Drone  
  179  12:13  Hatchery  
  178  12:22  Hydralisk  
  178  12:23  Hydralisk x8  
  196  12:30  Baneling  
  196  12:31  Baneling x10  
  196  12:32  Zergling x4  
  196  12:33  Zergling x4  
  196  12:36  Baneling x9  
  200  12:38  Zerg Melee Weapons Level 2  
  200  12:41  Overlord x2  
  200  12:42  Overlord  
  184  12:56  Zergling x2  
  184  12:57  Zergling x32  
  183  12:58  Overlord  
  183  12:59  Overlord x5  
  181  13:17  Zergling x26  
  181  13:18  Zergling x8  
  194  13:25  Adaptive Talons  
  189  13:31  Lurker x7  
  189  13:32  Lurker x5  
  157  14:02  Hydralisk x7  
  150  14:03  Hydralisk x8  
  150  14:09  Zergling x2  
  171  14:10  Zergling x12  
  177  14:21  Queen  
  177  14:22  Drone x2, Seismic Spines  
  177  14:23  Drone  
  182  14:44  Hydralisk  
  182  14:45  Hydralisk x12  
  196  14:53  Zerg Ground Armor Level 3  
  171  15:35  Hatchery  
  171  15:37  Zergling x2  
  171  15:38  Zergling x32  
  171  15:39  Zergling x6  
  134  15:50  Zergling x2  
  134  15:51  Zergling x20  
  129  15:59  Zergling x2  
  129  16:00  Zergling x20  
  136  16:10  Zergling x2  
  136  16:11  Zergling x14  
  134  16:17  Baneling  
  134  16:18  Baneling x9  
  134  16:20  Extractor x2  
  134  16:25  Hydralisk x2  
  132  16:26  Hydralisk x12  
  160  16:35  Drone x2  
  160  16:36  Drone x3  
  160  16:37  Drone  
  166  16:52  Lurker  
  166  16:53  Hydralisk, Lurker x10  
  166  16:54  Hydralisk  
  179  16:57  Spore Crawler  
  180  17:07  Overlord x3  
  153  17:30  Zergling x2  
  153  17:31  Zergling x34  
  157  17:37  Zergling x2, Hydralisk  
  157  17:38  Hydralisk x8  
  157  17:43  Hydralisk x2  
  173  17:48  Zergling x2  
  173  17:49  Zergling x10  
  179  18:00  Zergling x2  
  179  18:01  Zergling x20  
  190  18:11  Hydralisk  
  190  18:12  Zergling x2, Hydralisk x3  
  198  18:13  Zergling x2  
Tags
 
Add a new tag
Caveats
  • Supply blocks, unpowered buildings, or Contaminate may cause inaccurate times.
  • Supply counts are checked every 10 seconds.